 Dungeon Crawl Stone Soup version 0.28-a0-80-g9707f7362f (webtiles) character file.

Game seed: 2851764127465562914

47 HAL9000 the Changer (level 3, -4/27 (28) HPs)
             Began as a Draconian Transmuter on Aug 5, 2021.
             Slain by Crazy Yiuf (11 damage)
             ... on level 2 of the Dungeon.
             The game lasted 00:03:41 (1692 turns).

HAL9000 the Changer (Draconian Transmuter)          Turns: 1692, Time: 00:03:42

HP:   -4/27 (28)    AC:  2    Str: 12    XL:     3   Next: 48%
MP:   4/6           EV: 19    Int: 14    God:
Gold: 124           SH:  0    Dex: 16    Spells: 0/6 levels left

rFire   . . .      SeeInvis .     - Unarmed
rCold   . . .      Faith    .   (shield currently unavailable)
rNeg    . . .      Spirit   .   (armour unavailable)
rPois   x          Reflect  .   (helmet currently unavailable)
rElec   .          Harm     .   (cloak currently unavailable)
rCorr   .          Rampage  .   (gloves currently unavailable)
Will    .....                   (boots currently unavailable)
Stlth   +.........              (no amulet)
HPRegen 0.09/turn               (no ring)
MPRegen 0.10/turn               (no ring)

@: spider-form (expiring), lightly drained
A: venomous fangs, AC +5, tiny, unfitting armour, (cold-blooded)
a: End Transformation


You were on level 2 of the Dungeon.
You were a venomous arachnid creature.
You visited 1 branch of the dungeon, and saw 2 of its levels.

You collected 124 gold pieces.

Inventory:

Missiles
 g - 16 poisoned darts
Scrolls
 a - a scroll of fog {unknown}
 e - 2 scrolls of identify {unknown}
 i - a scroll of magic mapping {unknown}
 j - a scroll of blinking {unknown}
 k - 2 scrolls of enchant weapon {unknown}
Potions
 b - a potion of heal wounds {unknown}
 c - a potion of might {unknown}
 d - a potion of brilliance {unknown}
 f - a potion of attraction {unknown}
 h - a potion of degeneration {unknown}


   Skills:
 - Level 1.1 Fighting
 - Level 1.7 Dodging
 - Level 3.0 Unarmed Combat
 - Level 2.0 Spellcasting
 + Level 3.9 Transmutations


You couldn't memorise any spells.
You knew the following spells:

 Your Spells              Type           Power      Damage    Failure   Level
a - Beastly Appendage     Tmut           24%        N/A       14%         1
b - Wereblood             Tmut           12%        N/A       19%         2
c - Spider Form           Tmut/Pois      3%         N/A       54%         3

Your spell library contained the following spells:

 Spells                   Type           Power      Damage    Failure   Level
 Foxfire                  Conj/Fire      4%         2x1d4     45%         1
 Conjure Flame            Conj/Fire      1%         6-21      77%         3
 Inner Flame              Hex/Fire       1%         N/A       77%         3
 Ice Form                 Ice/Tmut       6%         N/A       87%         4


Dungeon Overview and Level Annotations

Branches:
Dungeon (2/15)

Altars:
Kikubaaqudgha

Shops:
D:2 :=*

Annotations:
D:2 Crazy Yiuf


Innate Abilities, Weirdness & Mutations

You are a venomous arachnid creature.
You have poisonous fangs.
You are tiny and dextrous.
Your spellcasting is less reliable in this form.
Your armour is entirely melded.
You are incapable of wielding weapons or throwing items.
((Your plain brown scales are hard. (AC +5)))
You cannot fit into any form of body armour.
((You are cold-blooded and may be slowed by cold attacks.))


Message History

Found a chain mail.
You now have 124 gold pieces (gained 17).
Key pressed, stopping explore.
Things that are here:
a +0 club; 4 stones You see here 13 sling bullets.
You see here 12 arrows.
Crazy Yiuf shouts!
Could not explore, unopened runed door.
Could not explore, unopened runed door.
Could not explore, unopened runed door.
Casting: Beastly Appendage (safe; 4% risk of failure)
Confirm with . or Enter, or press ? or * to list all spells.
The spell is extremely dangerous to cast (32% risk of failure)!
Continue anyway?
You turn into a venomous arachnid creature.
Unknown command.
You open the door. You hit Crazy Yiuf.
Crazy Yiuf is poisoned.
Crazy Yiuf is moderately wounded.
Crazy Yiuf hits you with a +4 quarterstaff of chaos!
Crazy Yiuf freezes you.
You hit Crazy Yiuf.
Crazy Yiuf looks even sicker.
Crazy Yiuf is moderately wounded.
Crazy Yiuf hits you with a +4 quarterstaff of chaos!
You feel drained.
* * * LOW HITPOINT WARNING * * *
Unknown command.
Your transformation is almost over.
You barely miss Crazy Yiuf.
Crazy Yiuf is moderately wounded.
Crazy Yiuf waves his quarterstaff at you.
Crazy Yiuf misses you.
Unknown command.
You hit Crazy Yiuf but do no damage.
Crazy Yiuf looks as sick as possible!
Crazy Yiuf is moderately wounded.
Crazy Yiuf completely misses you.
You hit Crazy Yiuf.
Crazy Yiuf looks as sick as possible!
Crazy Yiuf is almost dead.
Crazy Yiuf hits you with a +4 quarterstaff of chaos!
You die...

#.# #.#
#.###.###.##.#.
#.# #.#
#.##...##.##...
#.# #.#
#.#.....#.##...
#.# #.#
#.........##...
#.# ##.#
############(#.
#.# #..# #... #.#
##.######## ####
#.# #..##...#g###
### ###### #.#
#.......s#..##...#
#..... #.#
#.......####.'...#
###### #.#
#.#.#..## ###..)#
#####. #.#
#.###### ###
#..... #.# #.#
#####. #.# #.# ##
#.# #.# # #.# #.#
#.# #.#


You could see Crazy Yiuf (extremely poisoned).

Vanquished Creatures
  A ball python (D:1)
  2 bats (D:2)
  3 endoplasms
  3 giant cockroaches (D:2)
  3 goblins
  3 hobgoblins
  9 jackals
  7 kobolds
  3 quokkas
  4 rats
  A bush (D:2)
39 creatures vanquished.

Notes
Turn   | Place    | Note
-------+----------+-------------------------------------------
     0 | D:1      | HAL9000 the Draconian Transmuter began the quest for the
                  | Orb.
     0 | D:1      | Reached XP level 1. HP: 16/16 MP: 3/3
    66 | D:1      | Found a faded altar of an unknown god.
   105 | D:1      | Reached XP level 2. HP: 22/23 MP: 3/5
   121 | D:1      | Learned a level 2 spell: Wereblood
   548 | D:2      | Found Edodenn's Book Emporium.
   635 | D:2      | Found a runed translucent door.
   636 | D:2      | Noticed Crazy Yiuf
   696 | D:2      | Reached XP level 3. HP: 28/28 MP: 6/6
   700 | D:2      | Learned a level 3 spell: Spider Form
   928 | D:2      | Found an ancient bone altar of Kikubaaqudgha.
  1104 | D:2      | Found Quvampax's Armour Boutique.
  1255 | D:2      | Found Ozotz's Jewellery Boutique.
  1255 | D:2      | Found Ytrup's General Store.
  1692 | D:2      | Slain by Crazy Yiuf

Illustrated notes

Levels and vault maps discovered:
D:1:      psy_arrival_conway, layout_basic,
          hellmonk_ecumenical_altar_arch_garden
D:2:      layout_loops_ring, basic_altar, serial_shops, shop,
          nicolae_shop_trees, nicolae_shop_waterfront, shop,
          grunt_decor_junction, grunt_decor_resistance, roderic_roman_lattice,
          minmay_hedge_maze, uniq_crazy_yiuf_cottage

Skill      XL: |  1  2 |
---------------+-------+-----
Transmutations | 3 |  3.9
Fighting       | |  1.1
Dodging        | |  1.7
Unarmed Combat | |  3.0
Spellcasting   | |  2.0

Action                   || total
-------------------------++-------
Melee: Unarmed           ||   183
       Tailslap          ||    33
       Headbutt          ||    40
       Kick              ||    51
       Punch             ||     1
 Cast: Beastly Appendage ||    22
       Spider Form       ||     1
 Stab: Sleeping          ||     2
Armor: Skin              ||    34
Dodge: Dodged            ||    53

Table legend: (Time is in decaauts)
 A = Elapsed time spent in this place.
 B = Non-inter-level travel time spent in this place.
 C = Inter-level travel time spent in this place.
 D = Time resting spent in this place.
 E = Time spent auto-exploring this place.
 F = Levels seen in this place.
 G = Mean time per level.
                   A        B        C        D        E       F      G
               +--------+--------+--------+--------+--------+-----+--------+
         Total |   1686 |   1649 |     37 |      0 |   1328 |   2 |  843.0 |
       Dungeon |   1686 |   1649 |     37 |      0 |   1328 |   2 |  843.0 |
               +--------+--------+--------+--------+--------+-----+--------+

Top non-repeatable levels by time:
     D:2: 1154 daAuts
     D:1: 531 daAuts
